 Dungeon Sprint DCSS version 0.30.1-11-g7821555f0a (webtiles) character file.

Game seed: 18184581708931255123

172 Heoruswealwe the Spear-Bearer (level 5, -1/52 HPs)
             Began as a Minotaur Fighter on Oct 30, 2023.
             Slain by a centaur (4 damage)
             ... in the Dungeon (Sprint IX: "|||||||||||||||||||||||||||||").
             The game lasted 00:00:54 (52 turns).

Heoruswealwe the Spear-Bearer (Minotaur Fighter)      Turns: 52, Time: 00:00:54

Health: -1/52      AC:  4    Str: 23    XL:     5   Next: 27%
Magic:  4/4        EV:  9    Int:  5    God:
Gold:   0          SH:  4    Dex:  9    Spells: 4/4 levels left

rFire   . . .        a - +0 trident
rCold   . . .        d - +0 buckler
rNeg    . . .        c - +0 scale mail
rPois   .            (helmet restricted)
rElec   .            (no cloak)
rCorr   .            (no gloves)
SInv    .            (no boots)
Will    .....        (no amulet) Stlth
                     (no ring)
HPRegen 0.28/turn    (no ring)
MPRegen 0.09/turn

%: no teleportation
@: corroded
A: horns 2, retaliatory headbutt
a: no special abilities


You were in the Dungeon.
You visited 1 branch

Inventory:

Hand Weapons
 a - a +0 trident (weapon)
Armour
 c - a +0 scale mail (worn)
 d - a +0 buckler (worn)
Scrolls
 j - a scroll of blinking
Potions
 b - a potion of might
 g - a potion of haste
 i - a potion of berserk rage


   Skills:
 + Level 7.4 Fighting
 * Level 9.5 Polearms
 + Level 7.4 Armour
 - Level 3.6 Shields


You had 4 spell levels left.
You didn't know any spells.
Your spell library was empty.

Dungeon Overview and Level Annotations

Branches:
Dungeon (1/1)

Altars:


Innate Abilities, Weirdness & Mutations

You have a pair of horns on your head.
You reflexively headbutt those who attack you in melee.


Message History

The jelly is almost dead.
The jelly hits you. The acid corrodes you!
You are splashed with acid!
You puncture the jelly!
You kill the jelly!
Your Fighting skill increases to level 7!
Your Polearms skill increases to level 9!
Your Armour skill increases to level 7!
You have reached level 5!
You hit the iguana but do no damage. The iguana bites you!
* * * LOW HITPOINT WARNING * * *
You hit the iguana.
The iguana is moderately wounded.
The iguana bites you!
* * * LOW HITPOINT WARNING * * *
You feel better. The iguana completely misses you. You furiously retaliate!
You headbutt the iguana!
You kill the iguana!
The centaur wields a +0 shortbow.
The centaur shoots an arrow.
The arrow hits you!
* * * LOW HITPOINT WARNING * * *
The centaur unwields a +0 shortbow.
The centaur closely misses you. The centaur barely misses you.
There is an open door, spattered with blood here.
You barely miss the centaur. Your headbutt misses the centaur.
The centaur barely misses you. The centaur closely misses you.
You hit the centaur.
The centaur is lightly wounded.
The centaur hits you.
* * * LOW HITPOINT WARNING * * *
You block the centaur's attack.
You hit the centaur but do no damage.
The centaur is lightly wounded.
The centaur barely misses you.
The centaur kicks you but does no damage.
You hit the centaur. You headbutt the centaur!
The centaur is severely wounded.
The centaur misses you.
The centaur kicks you but does no damage.
The centaur hits you.
You die...

▓+▓
▓.▓
▓.▓
▓.▓
▓.▓
▓c▓
▓@▓
▓.▓
▓.▓
▓.▓
▓.▓
▓.▓
▓)▓
▓.▓
▓!▓


You could see a centaur.

Vanquished Creatures
  A black bear (D)
  A jelly (D)
  2 iguanas (D)
  2 hobgoblins (D)
  A kobold (D)
  A quokka (D)
  A rat (D)
9 creatures vanquished.

Notes
Turn   | Place    | Note
-------+----------+-------------------------------------------
     0 | D        | Heoruswealwe the Minotaur Fighter began the quest for the
                  | Orb.
     0 | D        | Reached XP level 1. HP: 19/19 MP: 0/0
     7 | D        | Reached skill level 3 in Polearms
    29 | D        | Noticed a centaur
    29 | D        | Noticed an iguana
    29 | D        | Noticed a jelly
    29 | D        | Noticed an iguana
    29 | D        | Noticed a black bear
    39 | D        | Killed a black bear
    40 | D        | Reached skill level 7 in Polearms
    40 | D        | Reached XP level 2. HP: 24/31 MP: 1/1
    40 | D        | Reached XP level 3. HP: 30/38 MP: 2/2
    40 | D        | Reached XP level 4. HP: 35/45 MP: 3/3
    43 | D        | Reached skill level 8 in Polearms
    45 | D        | Reached skill level 9 in Polearms
    45 | D        | Reached XP level 5. HP: 20/52 MP: 4/4
    52 | D        | Slain by a centaur

Illustrated notes

Levels and vault maps discovered:
D:        linesprint [early_d, line_temple, items_1, d_10, items_2, lair_1,
          lair_end, items_3, orc_1, orc_end, items_4, d_15, swamp_1, shoals_1,
          snake_1, spider_1, d_20, vaults_1, items_5, swamp_end, shoals_end,
          snake_end, spider_end, vaults_end, d_27, items_6, zot_1, zot_end,
          crypt_end, forest_end, elf_end, slime_end, tomb_end, abyss_end,
          pan_hell_end]

Skill      XL: |  1  2  3  4 |
---------------+-------------+-----
Polearms       | 7 9 |  9.5
Fighting       | 6 7 |  7.4
Armour         | 6 7 |  7.4
Shields        | |  3.6

Action                     |  1- 3 |  4- 6 || total
---------------------------+-------+-------++-------
  Melee: Trident           |    19 |    11 ||    30
         Headbutt          |     1 |     3 ||     4
    Use: Potion            |     1 |     1 ||     2
 Armour: Scale mail        |     6 |     2 ||     8
  Dodge: Dodged            |    10 |     8 ||    18
  Block: Buckler           |     4 |     1 ||     5
